 Dungeon Crawl Stone Soup version 0.26-a0-491-g70697cc071 (webtiles) character file.

Game seed: 8036306516171628635

153 Devinter the Stinger (level 5, -30/42 HPs)
             Began as a Naga Venom Mage on Aug 5, 2020.
             Killed from afar by an adder (43 damage)
             ... with an exploding inner flame
             ... hexed by the player character
             ... in a sewer.
             The game lasted 00:15:47 (2417 turns).

Devinter the Stinger (Naga Venom Mage)              Turns: 2417, Time: 00:15:48

Health: -30/42     AC:  2    Str: 10    XL:     5   Next: 35%
Magic:  2/9        EV: 10    Int: 16    God:
Gold:   103        SH:  0    Dex: 12    Spells: 4/10 levels left

rFire    . . .     SeeInvis +   p - +0 quarterstaff
rCold    . . .     Faith    .   (shield currently unavailable)
rNeg     . . .     Spirit   .   a - +0 robe
rPois    +         Reflect  .   (no helmet)
rElec    .         Harm     .   (no cloak)
rCorr    .                      (no gloves)
MR       .....                  (no barding)
Stlth    +++.......             (no amulet)
HPRegen  0.14/turn              (no ring)
MPRegen  0.11/turn              (no ring)

@: lethally poisoned (-30 -> -31), very slow
A: large, see invisible, deformed body, poison resistance, slowness 2, spit
poison 1, AC +1
a: Spit Poison


You were in a sewer.
You visited 1 branch of the dungeon, and saw 3 of its levels.
You also visited: Sewer.

You collected 103 gold pieces.

Inventory:

Hand Weapons
 f - a +1 dagger of draining
 j - a +0 vorpal mace
 p - a +0 quarterstaff (weapon)
 r - a +0 hand crossbow
Missiles
 b - 7 poisoned darts (quivered)
 c - 170 stones
 e - 6 curare-tipped darts
 i - 74 sling bullets
 n - 23 bolts
Armour
 a - a +0 robe (worn)
Scrolls
 g - a scroll of remove curse {unknown}
 h - 3 scrolls of immolation
 m - a scroll of identify
 s - 3 scrolls of fog {unknown}
 t - a scroll of teleportation {unknown}
Potions
 k - 3 potions of stabbing
 l - a potion of degeneration {unknown}
 o - 3 potions of haste {unknown}
 q - a potion of might {unknown}


   Skills:
 - Level 2.0 Dodging
 + Level 4.8 Stealth
 + Level 3.0 Spellcasting
 - Level 2.0 Transmutations
 + Level 5.3 Poison Magic


You had 4 spell levels left.
You knew the following spells:

 Your Spells              Type           Power        Failure   Level
a - Sting                 Tmut/Pois      ##..         4%          1
b - Poisonous Vapours     Pois/Air       ##....       10%         2
c - Ignite Poison         Fire/Tmut/Pois ##......     21%         3

Your spell library contained the following spells:

 Spells                   Type           Power        Failure   Level
 Olgreb's Toxic Radiance  Pois           ###.....     22%         4
 Mephitic Cloud           Conj/Pois/Air  #.......     26%         3


Dungeon Overview and Level Annotations

Branches:
Dungeon (3/15)              Sewer (1/1)

Altars:
Trog


Innate Abilities, Weirdness & Mutations

You cannot wear boots.
Your serpentine skin is tough. (AC +1)
You have supernaturally acute eyesight. (SInv)
Armour fits poorly on your strangely shaped body.
Your system is resistant to poisons. (rPois)
You cover ground very slowly.
You can spit poison.


Message History

It was a scroll of immolation.
Flame seeps out of the bullfrog.
The bullfrog releases a deep croak.
The bullfrog closely misses you. The adder bites you.
The bullfrog is engulfed in blazing flames.
Flame seeps out of the bullfrog.
The bullfrog closely misses you. The ball python bites you.
The ball python misses you. The bullfrog hits you!
* * * LOW HITPOINT WARNING * * *
As you read the scroll labeled RISKEC BAT SOI, it crumbles to dust.
It is a scroll of identify.
k - 3 potions of stabbing The adder bites you but does no damage.
The bullfrog is engulfed in blazing flames.
The bullfrog explodes!
The fiery explosion engulfs the ball python!!
The ball python explodes!
The fiery explosion engulfs the adder!!!
The adder explodes!
The fiery explosion engulfs you!!!
Ouch! That really hurt!
You die...

#..'....# #..#....#
####...##
##################..†.#
.#≈≈≈≈S≈≈≈≈≈≈≈≈≈≈......#
..≈≈≈≈≈≈≈≈≈≈≈≈≈≈≈.....##
.≈#≈≈≈≈≈≈≈≈≈≈≈≈≈≈.....#
.≈≈≈≈§§SS≈≈≈≈≈≈≈≈≈....#
..≈S≈§§§@.≈≈≈≈≈≈≈....##
.#≈≈≈§§○F≈≈≈≈≈≈≈≈..###
###################


You could see a bullfrog (inner flame, poisoned), an adder (wandering, inner
flame) and 3 ball pythons.

Vanquished Creatures
  8 adders
  A river rat (Sewer)
  4 leopard geckos (D:3)
  7 ball pythons
  3 giant cockroaches
  7 goblins
  3 hobgoblins (D:2)
  A quokka (D:2)
  3 bats
  5 frilled lizards
  7 kobolds (D:2)
  30 rats
79 creatures vanquished.

Notes
Turn   | Place    | Note
-------+----------+-------------------------------------------
     0 | D:1      | Devinter the Naga Venom Mage began the quest for the Orb.
     0 | D:1      | Reached XP level 1. HP: 15/15 MP: 3/3
   546 | D:1      | Reached XP level 2. HP: 22/22 MP: 3/5
   552 | D:1      | Learned a level 2 spell: Poisonous Vapours
   611 | D:2      | Found a bloodstained altar of Trog.
   696 | D:2      | Reached XP level 3. HP: 10/28 MP: 4/6
   848 | D:2      | Reached skill level 2 in Dodging
   955 | D:2      | Learned a level 3 spell: Ignite Poison
   973 | D:2      | Reached skill level 4 in Stealth
  1258 | D:2      | Reached XP level 4. HP: 36/36 MP: 4/7
  1458 | D:3      | Found a glowing drain.
  1494 | Sewer    | Entered a sewer
  1983 | Sewer    | Reached skill level 5 in Poison Magic
  2006 | Sewer    | Reached XP level 5. HP: 35/42 MP: 4/9
  2411 | Sewer    | Reached skill level 3 in Spellcasting
  2411 | Sewer    | Reached skill level 2 in Transmutations
  2413 | Sewer    | HP: 4/42 [bullfrog (3)]
  2417 | Sewer    | Killed from afar by an adder

Illustrated notes

Levels and vault maps discovered:
D:1:      dpeg_arrival_castle, layout_basic
D:2:      layout_loops_ring, trog_hazing_becter
D:3:      layout_loops_ring, hellmonk_ghost_happy_afterlife,
          portal_sewer_entry_f, uniq_grinder
Sewer:    sewer_minmay_w

Skill      XL: |  1  2  3  4  5 |
---------------+----------------+-----
Dodging        | 2 |  2.0
Stealth        | 4 |  4.8
Poison Magic   | 5 |  5.3
Spellcasting   | 3 |  3.0
Transmutations | 2 |  2.0

Action                   |  1- 3 |  4- 6 || total
-------------------------+-------+-------++-------
Melee: Dagger            |    38 |     3 ||    41
       Quarterstaff      |       |    75 ||    75
 Cast: Sting             |    32 |    30 ||    62
       Poisonous Vapours |     1 |     7 ||     8
 Abil: Spit Poison       |     3 |     3 ||     6
  Use: Scroll            |       |     2 ||     2
       Potion            |       |     2 ||     2
 Stab: Sleeping          |     4 |     2 ||     6
Armor: Robe              |     9 |    24 ||    33
Dodge: Dodged            |    21 |    83 ||   104

Table legend: (Time is in decaauts)
 A = Elapsed time spent in this place.
 B = Non-inter-level travel time spent in this place.
 C = Inter-level travel time spent in this place.
 D = Time resting spent in this place.
 E = Time spent auto-exploring this place.
 F = Levels seen in this place.
 G = Mean time per level.
                   A        B        C        D        E       F      G
               +--------+--------+--------+--------+--------+-----+--------+
         Total |   2938 |   2820 |    118 |    944 |    300 |   4 |  734.5 |
       Dungeon |   1893 |   1775 |    118 |    308 |    300 |   3 |  631.0 |
         Sewer |   1044 |   1044 |      0 |    636 |      0 |   1 | 1044.0 |
               +--------+--------+--------+--------+--------+-----+--------+

Top non-repeatable levels by time:
   Sewer: 1044 daAuts
     D:2: 1025 daAuts
     D:1: 765 daAuts
     D:3: 102 daAuts
